 Dungeon Crawl Stone Soup version 0.21.1-1-g345015f (webtiles) character file.

333 Monsterracer the Caller (level 6, -1/52 HPs)
             Began as a Draconian Summoner on Mar 8, 2018.
             Killed from afar by an orc wizard (10 damage)
             ... with a puff of flame
             ... on level 2 of the Dungeon.
             The game lasted 00:07:30 (4198 turns).

Monsterracer the Caller (Draconian Summoner)        Turns: 4198, Time: 00:07:31

Health: -1/52      AC:  6    Str: 11    XL:     6   Next: 27%
Magic:  3/9        EV: 13    Int: 17    God:
Gold:   179        SH:  0    Dex: 11    Spells: 2/9 levels left

rFire    . . .     SeeInvis .   m - +0 trident
rCold    . . .     Gourm    .   (no shield)
rNeg     . . .     Faith    .   (armour unavailable)
rPois    .         Spirit   .   p - +0 hat
rElec    .         Reflect  .   (no cloak)
rCorr    .         Harm     .   (no gloves)
MR       .....                  (no boots)
Stlth    +.........             (no amulet)
HPRegen  0.17/turn              i - ring of loudness (curse)
MPRegen  0.11/turn              (no ring)

@: no status effects
A: unfitting armour, cold-blooded, AC +6
a: no special abilities


You were on level 2 of the Dungeon.
You were hungry.

You visited 1 branch of the dungeon, and saw 3 of its levels.

You collected 179 gold pieces.

Inventory:

Hand Weapons
 m - a +0 trident (weapon)
Armour
 p - a +0 hat (worn)
Jewellery
 i - a cursed ring of loudness (left hand)
Wands
 j - a wand of paralysis (15)
 o - a wand of clouds (2)
Scrolls
 b - 3 scrolls of teleportation {unknown}
 e - a scroll of enchant armour {unknown}
 f - a scroll of fear {unknown}
 g - a scroll of immolation {unknown}
 h - 3 scrolls of identify {unknown}
 k - 2 scrolls of remove curse {unknown}
 l - a scroll of amnesia {unknown}
Potions
 d - a potion of degeneration {unknown}
 n - a potion of might {unknown}
Books
 a - a book of Callings

   Spells                             Type                      Level
   a - Summon Small Mammal            Summoning                    1
   b - Call Imp                       Summoning                    2
   c - Call Canine Familiar           Summoning                    3
   d - Summon Guardian Golem          Hexes/Summoning              3
   e - Summon Lightning Spire         Summoning/Air                4
   f - Summon Ice Beast               Ice/Summoning                4
Comestibles
 c - 3 rations


   Skills:
 + Level 4.2 Fighting
 * Level 2.3 Polearms
 + Level 3.1 Dodging
 - Level 1.7 Stealth
 - Level 2.0 Spellcasting
 + Level 4.9 Summonings


You had 2 spell levels left.
You knew the following spells:

 Your Spells              Type           Power        Failure   Level  Hunger
a - Summon Lightning Spi  Summ/Air       ##......     56%         4    #####..
b - Call Imp              Summ           ###.....     3%          2    ###....
c - Summon Small Mammal   Summ           ###.         2%          1    #......


Dungeon Overview and Level Annotations

Branches:
Dungeon (3/15)

Altars:
Yredelemnul


Innate Abilities, Weirdness & Mutations

Your plain brown scales are hard. (AC +6)
You cannot fit into any form of body armour.
You are cold-blooded and may be slowed by cold attacks.


Message History

The puff of frost hits your crimson imp.
Your crimson imp is frozen!
Your crimson imp dies!
Attack whom?
Press: ? - help, Dir - move target cursor You could not reach far enough!
You hear some strange, mumbled words.
A puff of frost appears from out of thin air!
The puff of frost hits your iron imp.
Your iron imp completely resists.
There isn't anything here!
You swap places.
Something hits you but does no damage.
You swap places.
Something hits your iron imp but does no damage.
Attack whom?
Press: ? - help, Dir - move target cursor You reach to attack!
You barely miss something. Something barely misses your iron imp.
Attack whom?
Press: ? - help, Dir - move target cursor You could not reach far enough!
You hear some strange, mumbled words.
Attack whom?
Press: ? - help, Dir - move target cursor You could not reach far enough!
Something hits your iron imp.
You hear some strange, mumbled words.
A puff of frost appears from out of thin air!
The puff of frost hits your iron imp.
Your iron imp resists.
Attack whom?
Press: ? - help, Dir - move target cursor You could not reach far enough!
Something hits your iron imp but does no damage.
Attack whom?
Press: ? - help, Dir - move target cursor You reach to attack!
You miss something.
You are feeling hungry.
Something hits your iron imp. x2
Attack whom?
Press: ? - help, Dir - move target cursor You could not reach far enough!
Something barely misses your iron imp. Something hits your iron imp.
Your iron imp dies!
Attack whom?
Press: ? - help, Dir - move target cursor, f - you
Okay, then.
Casting: Call Imp
Confirm with . or Enter, or press ? or * to list all spells.
A beastly little devil appears in a puff of frigid air.
Something hits your white imp.
You hear some strange, mumbled words.
A puff of flame appears from out of thin air!
The puff of flame hits your white imp.
Your white imp is burned terribly!
Your white imp dies!
You now have 4/9 mp.
Casting: Call Imp
Confirm with . or Enter, or press ? or * to list all spells.
A beastly little devil appears in a puff of flame.
You now have 2/9 mp.
You swap places.
Something hits your crimson imp but does no damage.
Attack whom?
Press: ? - help, Dir - move target cursor You reach to attack!
You closely miss something.
A magic dart appears from out of thin air!
The magic dart hits your crimson imp.
Attack whom?
Press: ? - help, Dir - move target cursor You reach to attack!
You completely miss something. Something misses your crimson imp. x2
Attack whom?
Press: ? - help, Dir - move target cursor You could not reach far enough!
You hear some strange, mumbled words.
A puff of frost appears from out of thin air!
The puff of frost hits your crimson imp.
Your crimson imp is frozen!
Your crimson imp dies!
Attack whom?
Press: ? - help, Dir - move target cursor Something you can't see is in the way.
You closely miss something. Something hits you.
* * * LOW HITPOINT WARNING * * *
Something hits you.
* * * LOW HITPOINT WARNING * * *
You take 4 damage, and have 9/52 hp.
You miss something.
An orc wizard appears from thin air!
Reactivating autopickup.
The orc wizard barely misses you. The orc wizard misses you.
You closely miss the orc wizard.
The orc wizard is moderately wounded.
The orc wizard barely misses you.
Unknown command.
You barely miss the orc wizard.
The orc wizard is moderately wounded.
The orc wizard barely misses you.
The orc wizard points at you and mumbles some strange words.
The puff of flame hits you!
You die...

.####.####
#...#.#.###.#.###... ......#
#.#.#.#.#...#...#... #####.#
#.#>#.#.#.#####.#... #.#
#.#.#.#.#.......#... #.#
#.#.#.#.#.#####.#...
#.########.#.#.#.#...#(..#...
#..........#.#.#.###.#.###.##
############o#.#.....#.....#
#@#.#.###########
#.#.#.........#
#.#.#...###.#.#
#.#.#)..#...#.#
#.#...<.....#.#
#.###########.#
#.............#
###############


You could see an orc wizard.

Vanquished Creatures
  The ghost of Crelarid the Insei, an amateur DgTm (D:3)
  Ijyb (D:3)
  An adder (D:2)
  A gnoll (D:3)
  A dart slug (D:2)
  A leopard gecko (D:1)
  2 orcs (D:3)
  5 giant cockroaches
  8 goblins
  6 hobgoblins
  A quokka (D:2)
  7 bats
  2 frilled lizards (D:1)
  4 kobolds
  2 rats (D:1)
43 creatures vanquished.

Vanquished Creatures (collateral kills)
  Sigmund (D:3)
  An orc wizard (D:3)
  2 gnolls (D:3)
  4 adders
  A dart slug (D:1)
  2 orcs
  A giant cockroach (D:3)
  A hobgoblin (D:1)
  A kobold (D:1)
  A frilled lizard (D:3)
  3 rats
18 creatures vanquished.

Grand Total: 61 creatures vanquished

Notes
Turn   | Place    | Note
-------+----------+-------------------------------------------
     0 | D:1      | Monsterracer the Draconian Summoner began the quest for the Orb.
     0 | D:1      | Reached XP level 1. HP: 14/14 MP: 3/3
   222 | D:1      | Reached skill level 1 in Fighting
   352 | D:1      | Reached XP level 2. HP: 23/23 MP: 5/5
   387 | D:1      | Learned a level 2 spell: Call Imp
  1096 | D:1      | HP: 10/24 [hobgoblin/club (6)]
  1102 | D:1      | HP: 5/24 [hobgoblin/club (5)]
  1593 | D:2      | Reached XP level 3. HP: 23/29 MP: 6/6
  2388 | D:2      | Reached skill level 1 in Polearms
  2388 | D:2      | Reached XP level 4. HP: 37/37 MP: 4/7
  2939 | D:3      | Found a basalt altar of Yredelemnul.
  2946 | D:3      | Noticed Sigmund
  3022 | D:3      | HP: 16/37 [something (10)]
  3204 | D:3      | HP: 16/37 [Sigmund/scythe (6)]
  3204 | D:3      | Killed Sigmund
  3204 | D:3      | Reached XP level 5. HP: 20/45 MP: 4/8
  3532 | D:3      | Noticed Ijyb
  3550 | D:3      | Killed Ijyb
  3596 | D:3      | Noticed Crelarid's ghost (amateur DgTm)
  3609 | D:3      | HP: 23/46 [Crelarid's ghost (5)]
  3615 | D:3      | HP: 13/46 [Crelarid's ghost (2)]
  3654 | D:3      | Killed Crelarid's ghost
  3654 | D:3      | Reached XP level 6. HP: 22/52 MP: 2/9
  3660 | D:3      | Learned a level 4 spell: Summon Lightning Spire
  3879 | D:3      | HP: 24/52 [gnoll/quarterstaff (5)]
  4125 | D:3      | HP: 25/52 [orc wizard/magic dart (4)]
  4133 | D:3      | HP: 18/52 [something (2)]
  4148 | D:3      | HP: 17/52 [something/puff of flame (3)]
  4153 | D:3      | HP: 16/52 [something (2)]
  4158 | D:2      | HP: 9/52 [something/puff of frost (8)]
  4195 | D:2      | HP: 10/52 [something (3)]
  4198 | D:2      | Killed from afar by an orc wizard

Skill      XL: |  1  2  3  4  5 |
---------------+----------------+-----
Fighting       | 1 2 3 4 |  4.2
Dodging        | 2 3 |  3.1
Polearms       | 1 2 |  2.3
Stealth        | |  1.7
Spellcasting   | |  2.0
Summonings     | |  4.9

Action                   |  1- 3 |  4- 6 || total
-------------------------+-------+-------++-------
Melee: Unarmed           |    20 |       ||    20
       Dagger            |    31 |       ||    31
       Spear             |   109 |       ||   109
       Tailslap          |     6 |     4 ||    10
       Trident           |       |    84 ||    84
 Cast: Summon Small Mamm |     7 |     1 ||     8
       Call Imp          |     8 |    25 ||    33
 Stab: Sleeping          |     4 |       ||     4
  Eat: Chunk             |     5 |     4 ||     9
       Ration            |       |     1 ||     1
Armor: Skin              |    48 |    16 ||    64
Dodge: Dodged            |   104 |    46 ||   150

Vault maps used:
D:1:      eino_arrival_druids_welcome, serial_glass, glass_columns_a,
          glass_columns_c, glass_columns_a, glass_columns_a, glass_columns_a,
          due_unseen_surprise
D:2:      first_ration, minmay_misc_feat_ornament, serial_bayou_pond_b,
          lemuel_old_faithful
D:3:      yredelemnul_altar_generic, chequers_ecumenical_altar_simple,
          minmay_misc_feat_plants, uniq_sigmund, uniq_ijyb, uniq_grinder,
          uniq_jessica
